Map: Романтицид РВ

Players

Doll

  • Race: Protoss Protoss
  • Spawn Location: 5:00

ИИ 1 (эксперт) - Winner!

  • Race: Zerg Zerg
  • Spawn Location: 11:00

VOD

Have the link to the VOD?

Description

Time

  • Played on: Sept. 24, 2020, 2:02 p.m.
  • Length: 5:56
Show
View Real Time Build Order
Export as new Build Order

Doll Protoss 

Build Orders: Blink Stalkers 

Get SALT Encoding   

  12  0:00  Probe  
  13  0:13  Probe  
  14  0:19  Pylon  
  14  0:25  Probe  
  15  0:38  Probe (Chrono Boost), Gateway  
  16  0:48  Probe (Chrono Boost)  
  17  0:50  Assimilator  
  17  0:53  Probe (Chrono Boost)  
  18  1:03  Gateway  
  18  1:05  Probe  
  19  1:13  Pylon  
  19  1:17  Probe  
  22  1:25  Zealot  
  22  1:34  Probe, Cybernetics Core  
  23  1:42  Assimilator  
  23  1:46  Probe  
  24  1:50  Zealot  
  26  1:55  Zealot  
  26  1:59  Probe  
  29  2:08  Pylon  
  29  2:10  Warp Gate  
  29  2:18  Stalker  
  31  2:27  Stalker  
  33  2:34  Probe  
  33  2:35  Pylon  
  34  2:48  Twilight Council  
  34  2:52  Stalker  
  36  3:00  Stalker  
  36  3:04  Probe  
  39  3:19  Robotics Facility  
  39  3:21  Probe  
  39  3:23  Stalker  
  42  3:31  Stalker  
  44  3:40  Probe, Pylon  
  45  3:49  Blink  
  45  4:03  Stalker  
  45  4:06  Probe  
  45  4:09  Stalker  
  50  4:18  Probe  
  50  4:23  Pylon  
  51  4:27  Forge  
  51  4:30  Sentry  
  53  4:35  Stalker  
Show
View Real Time Build Order
Export as new Build Order

ИИ 1 (эксперт) Zerg - Winner!

Build Orders: Pool First 

Get SALT Encoding   

  12  0:00  Drone  
  13  0:12  Overlord  
  13  0:16  Drone  
  14  0:31  Drone x2  
  16  0:41  Spawning Pool  
  15  0:45  Drone  
  15  0:49  Drone  
  17  1:13  Hatchery  
  17  1:14  Drone  
  17  1:17  Extractor  
  16  1:19  Extractor  
  16  1:21  Drone  
  16  1:25  Drone  
  17  1:30  Drone  
  18  1:38  Drone  
  19  1:49  Overlord  
  19  1:55  Queen  
  19  2:01  Zergling x2  
  22  2:11  Drone  
  23  2:24  Queen  
  23  2:26  Drone  
  26  2:32  Drone  
  27  2:37  Drone  
  27  2:42  Drone  
  29  2:56  Roach Warren  
  29  2:57  Drone  
  29  3:00  Drone  
  29  3:04  Zergling x2  
  31  3:07  Zergling x2  
  32  3:14  Overlord  
  32  3:16  Drone  
  34  3:20  Drone  
  34  3:36  Roach x3  
  34  3:38  Roach  
  42  3:44  Lair  
  42  3:48  Overlord  
  42  3:53  Overlord  
  42  3:57  Zergling x2  
  42  3:59  Zergling x2  
  44  4:06  Zergling x2, Drone  
  44  4:07  Drone  
  44  4:09  Drone  
  48  4:12  Drone  
  48  4:14  Drone  
  50  4:19  Overlord  
  50  4:23  Roach  
  52  4:27  Roach  
  52  4:30  Roach  
  56  4:33  Roach  
  56  4:37  Overlord  
  58  4:43  Drone  
  58  4:44  Hydralisk Den  
  58  4:46  Drone  
  58  4:47  Drone  
  58  4:51  Roach  
  62  4:54  Roach  
  62  4:57  Overlord  
  64  5:04  Drone  
  64  5:06  Drone  
  66  5:08  Drone  
  66  5:10  Drone  
  66  5:12  Drone, Hydralisk  
  71  5:15  Hydralisk  
  71  5:19  Hydralisk  
  67  5:22  Zergling x2  
  67  5:24  Zergling x2  
  67  5:27  Hydralisk  
  63  5:29  Drone  
  63  5:31  Drone  
  63  5:33  Drone  
  63  5:35  Drone  
Tags
 
Add a new tag
Caveats
  • Supply blocks, unpowered buildings, or Contaminate may cause inaccurate times.
  • Supply counts are checked every 10 seconds.